 Dungeon Crawl Stone Soup version 0.21.1-1-g345015f (webtiles) character file.

439 tidbits the Grave Robber (level 7, 50/50 HPs)
             Began as a Gnoll Necromancer on June 21, 2018.
             Quit the game in the Ecumenical Temple.
             The game lasted 00:12:59 (1355 turns).

tidbits the Grave Robber (Gnoll Necromancer)        Turns: 1355, Time: 00:13:00

Health: 50/50      AC:  2    Str: 10    XL:     7   Next: 1%
Magic:  9/15       EV: 15    Int: 20    God:
Gold:   186        SH:  0    Dex: 15    Spells: 3/16 levels left

rFire    . . .     SeeInvis .   a - +6 rapier of Slow Death {pierce, Stlth+}
rCold    . . .     Gourm    .   (no shield)
rNeg     . . .     Faith    .   E - +0 robe
rPois    .         Spirit   .   (no helmet)
rElec    .         Reflect  .   (no cloak)
rCorr    .         Harm     .   (no gloves)
MR       .....                  (no boots)
Stlth    ++++......             (no amulet)
HPRegen  0.16/turn              j - ring of flight
MPRegen  0.14/turn              (no ring)

@: no status effects
A: distributed training, fangs 1, strong nose
a: Evoke Flight


You were in the Ecumenical Temple.
You were not hungry.

You visited 2 branches of the dungeon, and saw 7 of its levels.
You also visited: Sewer.

You collected 186 gold pieces.

Inventory:

Hand Weapons
 a - the +6 rapier of Slow Death (weapon) {pierce, Stlth+}
   (You found it on level 5 of the Dungeon)

   It inflicts extra damage upon your enemies.
   It makes you more stealthy.
 f - a +0 dagger
 g - a +0 short sword
 q - a +0 flail
 r - a +0 trident of protection
   (You found it on level 3 of the Dungeon)
 t - a +0 short sword of venom
   (You took it off a kobold in a sewer)
 x - a +0 blowgun
Armour
 z - a +0 leather armour
 A - a +0 ring mail
 C - a +0 cloak
 E - a +0 robe (worn)
Jewellery
 j - a ring of flight (left hand)
   (You found it on level 3 of the Dungeon)
Wands
 m - a wand of disintegration (9)
 y - a wand of paralysis (7)
 D - a wand of digging (15)
Scrolls
 l - a scroll of amnesia
 o - a scroll of fog
Potions
 d - 2 potions of might {unknown}
 e - a potion of ambrosia {unknown}
 h - a potion of resistance {unknown}
 i - 7 potions of curing
 p - a potion of mutation {unknown}
 s - 2 potions of brilliance {unknown}
 u - a potion of heal wounds {unknown}
 v - 2 potions of flight {unknown}
Books
 b - a book of Necromancy

   Spells                             Type                      Level
   a - Pain                           Necromancy                   1
   b - Animate Skeleton               Necromancy                   1
   c - Vampiric Draining              Necromancy                   3
   d - Regeneration                   Charms/Necromancy            3
   e - Animate Dead                   Necromancy                   4
   f - Borgnjor's Vile Clutch         Necromancy/Earth             5
 B - a book of Callings
   (You found it on level 5 of the Dungeon)

   Spells                             Type                      Level
   a - Summon Small Mammal            Summoning                    1
   b - Call Imp                       Summoning                    2
   c - Call Canine Familiar           Summoning                    3
   d - Summon Guardian Golem          Hexes/Summoning              3
   e - Summon Lightning Spire         Summoning/Air                4
   f - Summon Ice Beast               Ice/Summoning                4
Comestibles
 c - 8 rations


   Skills:
 + Level 2.1 Fighting
 + Level 2.1 Short Blades
 + Level 2.1 Long Blades
 + Level 2.1 Axes
 + Level 2.1 Maces & Flails
 + Level 2.1 Polearms
 + Level 2.1 Staves
 + Level 2.1 Slings
 + Level 2.1 Bows
 + Level 2.1 Crossbows
 + Level 2.1 Throwing
 + Level 2.1 Armour
 + Level 5.1 Dodging
 + Level 4.7 Stealth
 + Level 2.1 Shields
 + Level 2.1 Unarmed Combat
 + Level 5.4 Spellcasting
 + Level 1.7 Conjurations
 + Level 1.7 Hexes
 + Level 1.7 Charms
 + Level 1.7 Summonings
 + Level 7.3 Necromancy
 + Level 1.7 Translocations
 + Level 1.7 Transmutations
 + Level 1.7 Fire Magic
 + Level 1.7 Ice Magic
 + Level 1.7 Air Magic
 + Level 1.7 Earth Magic
 + Level 1.7 Poison Magic
 + Level 2.4 Invocations
 + Level 2.1 Evocations


You had 3 spell levels left.
You knew the following spells:

 Your Spells              Type           Power        Failure   Level  Hunger
a - Pain                  Necr           ####         1%          1    None
d - Vampiric Draining     Necr           ####......   1%          3    ##.....
n - Animate Skeleton      Necr           N/A          1%          1    None
r - Regeneration          Chrm/Necr      ###.......   4%          3    ##.....
v - Borgnjor's Vile Clut  Necr/Erth      ###.......   43%         5    #####..


Dungeon Overview and Level Annotations

Branches:
Dungeon (6/15)             Temple (1/1) D:4

Altars:
Dithmenos
Elyvilon
Fedhas
Hepliaklqana
Kikubaaqudgha
Makhleb
Nemelex Xobeh
Okawaru
Ru
Vehumet
Wu Jian
Xom
Yredelemnul
The Shining One


Innate Abilities, Weirdness & Mutations

Your experience applies equally to all skills.
You have very sharp teeth.
Your uncanny sense of smell can sniff out nearby items.


Message History

Your skin is crawling a little less now.
You see here a leather armour.
Your skin stops crawling.
Found a slimy rapier.
You see here a slimy rapier.
E - a slimy rapier Wield which item (- for none, * to show all)? (? for menu, Esc to quit)
Your +0 short sword of venom stops dripping with poison.
E - the +6 rapier of Slow Death (weapon)
{pierce, Stlth+} Adjust (i)tems, (s)pells, or (a)bilities?
Adjust which item? (? for menu, Esc to quit)
E - the +6 rapier of Slow Death (weapon)
{pierce, Stlth+} Adjust to which letter? (? for menu, Esc to quit)
a - the +6 rapier of Slow Death (weapon)
{pierce, Stlth+}
E - a +0 robe (worn)
A scorpion comes into view.
Found a ration.
Found a stone staircase leading up.
Unknown command.
The helpless scorpion fails to defend itself.
You puncture the scorpion!
You kill the scorpion!
You see here a ration.
c - 8 rations (gained 1)
Found 17 gold pieces.
There is a stone staircase leading up here.
You climb upwards.
An adder skeleton comes into view.
There is a stone staircase leading down here.
As you read the scroll labeled BOEHONGAIT, it crumbles to dust.
You feel blessed for a moment.
It was a scroll of remove curse.
As you read the scroll labeled NESETEI OSKETA, it crumbles to dust.
It is a scroll of identify.
o - a scroll of fog
As you read the scroll labeled PEUDUU UKOGHAI, it crumbles to dust.
You feel strangely unstable.
It was a scroll of teleportation.
Your surroundings suddenly seem different.
Found 4 gold pieces, a quarterstaff and a glowing scarf.
Unknown command.
You see here a glowing scarf.
k - a glowing scarf Wear which item? (? for menu, Esc to quit)
You start removing your armour.
You continue taking off your +0 cloak. x4
You finish taking off your +0 cloak.
You start putting on your armour.
You continue putting on your glowing scarf. x5
You finish putting on your scarf of spirit shield.
You feel your power drawn to a protective spirit.
Drop what? 29/52 slots (_ for help) (? for menu, Esc to quit)
You start removing your armour.
You continue taking off your scarf of spirit shield. x4
You finish taking off your scarf of spirit shield.
You feel strangely alone.
You drop a scarf of spirit shield.
Found 14 gold pieces.
Found a club.
Found 14 stones.
You see here 14 stones.
Found 6 gold pieces.
An adder comes into view.
The adder hisses angrily.
Casting: Pain
Confirm with . or Enter, or press ? or * to list all spells.
Your skin crawls.
You puncture the adder!
You kill the adder!
You have reached level 7!
You see here an adder corpse.
Casting: Regeneration
Confirm with . or Enter, or press ? or * to list all spells.
You attempt to give life to the dead...
Before your eyes, flesh is ripped from the corpse!
The dead are slithering!
You see here a chunk of flesh.
Eat a chunk of flesh? (ye/n/q)
You eat the chunk of flesh.
This raw flesh tastes terrible.
You see here 6 gold pieces.
You now have 186 gold pieces (gained 6).
You swap places.
Your skin is crawling a little less now.
Your skin stops crawling.
You open the door.
Found a staircase to the Ecumenical Temple.
There is an open door here.
There is a staircase to the Ecumenical Temple here.
You climb downwards.
Welcome to the Ecumenical Temple!
Your mindless thrall stays behind.
There is a staircase back to the Dungeon here.
Unknown command.
Found a radiant altar of Vehumet and a shimmering altar of Xom.
Found a blossoming altar of Fedhas.
Found a hazy altar of Hepliaklqana and a shadowy altar of Dithmenos.
Found an iron altar of Okawaru.
Found a sparkling altar of Nemelex Xobeh.
Found an ancient bone altar of Kikubaaqudgha.
Found a basalt altar of Yredelemnul.
Found a sacrificial altar of Ru.
Found a burning altar of Makhleb and a white marble altar of Elyvilon.
Found a glowing golden altar of the Shining One.
Found an ornate altar of the Wu Jian Council.
Are you sure you want to abandon this character and quit the game? (Confirm with "yes".)

≈≈≈≈≈≈≈≈≈≈≈≈...≈≈≈≈≈≈
≈≈≈≈≈≈≈≈≈≈≈≈≈≈...≈≈≈≈≈
≈≈≈≈≈≈≈≈≈≈≈≈≈≈...≈≈≈≈≈
≈≈≈≈≈≈≈≈≈≈≈≈≈...≈≈≈≈≈≈
≈≈≈≈≈≈≈≈≈≈≈≈...≈≈≈≈≈≈≈
≈≈≈≈≈...≈≈≈.......≈≈≈≈
≈≈≈≈.._........._..≈≈≈
≈≈≈≈≈......_......≈≈≈≈
≈≈≈≈≈..@≈≈...≈≈...≈≈≈≈
≈≈≈≈≈≈...≈≈≈≈≈...≈≈≈≈≈
≈≈≈≈≈≈≈...≈≈≈...≈≈≈≈≈
≈≈≈≈≈≈≈.........≈≈≈≈
≈≈≈≈≈≈.._....._..≈≈
≈≈≈≈≈≈≈...._....≈≈
≈≈≈≈≈≈≈.........≈
≈≈≈≈≈≈≈≈≈.._..≈


There were no monsters in sight!

Vanquished Creatures
  2 scorpions (D:5)
  A crimson imp (D:5)
  A hound (D:4)
  Ijyb (D:4)
  6 adders
  4 gnolls (D:5)
  9 river rats
  A shadow imp (D:4)
  An ooze (D:2)
  2 worms (D:3)
  A dart slug (D:4)
  5 leopard geckos
  2 orcs
  3 giant cockroaches
  4 goblins
  7 ball pythons
  4 bats
  A frilled lizard (D:1)
  14 kobolds
  21 rats
90 creatures vanquished.

Vanquished Creatures (collateral kills)
  A kobold (Sewer)
1 creature vanquished.

Grand Total: 91 creatures vanquished

Notes
Turn   | Place    | Note
-------+----------+-------------------------------------------
     0 | D:1      | tidbits the Gnoll Necromancer began the quest for the Orb.
     0 | D:1      | Reached XP level 1. HP: 13/13 MP: 6/6
    51 | D:1      | Reached XP level 2. HP: 8/19 MP: 0/7
    54 | D:1      | Learned a level 1 spell: Animate Skeleton
   264 | D:3      | Reached XP level 3. HP: 11/25 MP: 5/9
   269 | D:3      | Learned a level 3 spell: Vampiric Draining
   273 | D:3      | Learned a level 3 spell: Regeneration
   288 | D:4      | Reached skill level 5 in Spellcasting
   484 | D:3      | Reached skill level 1 in Invocations
   560 | D:3      | Reached skill level 1 in Fighting
   560 | D:3      | Reached skill level 1 in Short Blades
   560 | D:3      | Reached skill level 1 in Long Blades
   560 | D:3      | Reached skill level 1 in Axes
   560 | D:3      | Reached skill level 1 in Maces & Flails
   560 | D:3      | Reached skill level 1 in Polearms
   560 | D:3      | Reached skill level 1 in Staves
   560 | D:3      | Reached skill level 1 in Slings
   560 | D:3      | Reached skill level 1 in Bows
   560 | D:3      | Reached skill level 1 in Crossbows
   560 | D:3      | Reached skill level 1 in Throwing
   560 | D:3      | Reached skill level 1 in Armour
   560 | D:3      | Reached skill level 1 in Shields
   560 | D:3      | Reached skill level 1 in Unarmed Combat
   560 | D:3      | Reached skill level 1 in Evocations
   560 | D:3      | Reached XP level 4. HP: 19/32 MP: 4/11
   572 | D:3      | Found a glowing drain.
   584 | Sewer    | Entered a sewer
   671 | Sewer    | Reached skill level 1 in Conjurations
   671 | Sewer    | Reached skill level 1 in Hexes
   671 | Sewer    | Reached skill level 1 in Charms
   671 | Sewer    | Reached skill level 1 in Summonings
   671 | Sewer    | Reached skill level 1 in Translocations
   671 | Sewer    | Reached skill level 1 in Transmutations
   671 | Sewer    | Reached skill level 1 in Fire Magic
   671 | Sewer    | Reached skill level 1 in Ice Magic
   671 | Sewer    | Reached skill level 1 in Air Magic
   671 | Sewer    | Reached skill level 1 in Earth Magic
   671 | Sewer    | Reached skill level 1 in Poison Magic
   684 | Sewer    | Reached XP level 5. HP: 22/37 MP: 4/12
   830 | Sewer    | Learned a level 5 spell: Borgnjor's Vile Clutch
   931 | D:4      | Noticed Ijyb
   933 | D:4      | Killed Ijyb
   939 | D:4      | Reached skill level 2 in Invocations
   939 | D:4      | Reached XP level 6. HP: 39/44 MP: 8/13
   962 | D:5      | Entered Level 5 of the Dungeon
   970 | D:6      | Noticed a sky beast
  1084 | D:5      | Found a glowing golden altar of the Shining One.
  1137 | D:5      | Reached skill level 5 in Dodging
  1142 | D:5      | Reached skill level 2 in Fighting
  1142 | D:5      | Reached skill level 2 in Short Blades
  1142 | D:5      | Reached skill level 2 in Long Blades
  1142 | D:5      | Reached skill level 2 in Axes
  1142 | D:5      | Reached skill level 2 in Maces & Flails
  1142 | D:5      | Reached skill level 2 in Polearms
  1142 | D:5      | Reached skill level 2 in Staves
  1142 | D:5      | Reached skill level 2 in Slings
  1142 | D:5      | Reached skill level 2 in Bows
  1142 | D:5      | Reached skill level 2 in Crossbows
  1142 | D:5      | Reached skill level 2 in Throwing
  1142 | D:5      | Reached skill level 2 in Armour
  1142 | D:5      | Reached skill level 2 in Shields
  1142 | D:5      | Reached skill level 2 in Unarmed Combat
  1142 | D:5      | Reached skill level 2 in Evocations
  1200 | D:5      | Got a slimy rapier
  1201 | D:5      | Identified the +6 rapier of Slow Death {pierce, Stlth+} (You found it on level 5 of the Dungeon)
  1290 | D:4      | Reached XP level 7. HP: 50/50 MP: 1/15
  1310 | D:4      | Found a staircase to the Ecumenical Temple.
  1316 | Temple   | Entered the Ecumenical Temple
  1355 | Temple   | Quit the game

Skill      XL: |  1  2  3  4  5  6 |
---------------+-------------------+-----
Spellcasting   | 5 |  5.4
Invocations    | 1 2 |  2.4
Fighting       | 1 2 |  2.1
Short Blades   | 1 2 |  2.1
Long Blades    | 1 2 |  2.1
Axes           | 1 2 |  2.1
Maces & Flails | 1 2 |  2.1
Polearms       | 1 2 |  2.1
Staves         | 1 2 |  2.1
Slings         | 1 2 |  2.1
Bows           | 1 2 |  2.1
Crossbows      | 1 2 |  2.1
Throwing       | 1 2 |  2.1
Armour         | 1 2 |  2.1
Shields        | 1 2 |  2.1
Unarmed Combat | 1 2 |  2.1
Evocations     | 1 2 |  2.1
Conjurations   | 1 |  1.7
Hexes          | 1 |  1.7
Charms         | 1 |  1.7
Summonings     | 1 |  1.7
Translocations | 1 |  1.7
Transmutations | 1 |  1.7
Fire Magic     | 1 |  1.7
Ice Magic      | 1 |  1.7
Air Magic      | 1 |  1.7
Earth Magic    | 1 |  1.7
Poison Magic   | 1 |  1.7
Dodging        | 5 |  5.1
Stealth        | |  4.7
Necromancy     | |  7.3

Action                   |  1- 3 |  4- 6 |  7- 9 || total
-------------------------+-------+-------+-------++-------
Melee: Dagger            |     2 |       |       ||     2
       Trident           |     7 |   127 |       ||   134
       Flail             |     3 |       |       ||     3
       Bite              |       |    11 |       ||    11
       Rapier            |       |     2 |       ||     2
       Short sword       |       |     1 |       ||     1
 Cast: Pain              |    41 |    39 |       ||    80
       Regeneration      |     1 |    13 |       ||    14
       Animate Skeleton  |       |     2 |     1 ||     3
       Borgnjor's Vile C |       |     1 |       ||     1
Evoke: Wand              |       |     3 |       ||     3
  Use: Potion            |       |     1 |       ||     1
       Scroll            |       |     4 |       ||     4
 Stab: Sleeping          |     2 |     6 |       ||     8
       Distracted        |       |     1 |       ||     1
  Eat: Chunk             |       |     2 |     1 ||     3
Armor: Robe              |     6 |    41 |       ||    47
Dodge: Dodged            |    10 |   131 |       ||   141

Table legend:
 A = Turns spent in this place as a percentage of turns spent in the entire game.
 B = Non-inter-level travel turns spent in this place as a percentage of non-inter-level travel turns spent in the entire game.
 C = Inter-level travel turns spent in this place as a percentage of turns spent in this place.
 D = Turns resting spent in this place as a percentage of non-inter-level travel turns spent in this place.
 E = Turns spent auto-exploring this place as a percentage of non-inter-level travel turns spent in this place.
 F = Non-inter-level travel turns spent in this place divided by the number of levels of this place that you've seen.
                   A       B       C       D       E      F
               +-------+-------+-------+-------+-------+----------------------
         Total | 100.0 | 100.0 |   1.1 |   0.0 |   0.0 | 167.5
       Dungeon |  73.7 |  74.5 |   0.0 |   0.0 |   0.0 | 166.3
        Temple |   2.9 |   1.8 |  38.5 |   0.0 |   0.0 |  24.0
         Sewer |  23.5 |  23.7 |   0.0 |   0.0 |   0.0 | 318.0
               +-------+-------+-------+-------+-------+----------------------

Table legend:
 A = Kills in this place as a percentage of kills in entire the game.
 B = Kills by you in this place as a percentage of kills by you in the entire game.
 C = Kills by friends in this place as a percentage of kills by friends in the entire game.
 D = Other kills in this place as a percentage of other kills in the entire game.
 E = Experience gained in this place as a percentage of experience gained in the entire game.
 F = Experience gained in this place divided by the number of levels of this place that you have seen.
                   A       B       C       D       E      F
               +-------+-------+-------+-------+-------+----------------------
         Total | 100.0 | 100.0 | 100.0 |   N/A | 100.0 |  78.5
       Dungeon |  54.9 |  55.6 |   0.0 |   N/A |  73.7 |  77.2
         Sewer |  45.1 |  44.4 | 100.0 |   N/A |  26.3 | 165.0
               +-------+-------+-------+-------+-------+----------------------

Vault maps used:
D:1:      dpeg_arrival_lava_altar
D:2:      cheibrodos_gnoll_hut
D:3:      portal_sewer_entry_e, minivault_26
D:4:      old_standard_altar, minmay_temple_entry_fiery, first_ration, uniq_ijyb
D:5:      kennysheep_slug_shrine, tso_metal_star, uniq_sigmund
D:6:      nicolae_ossuary_entry_giza, serial_shops, shop
Temple:   eino_temple_water
Sewer:    sewer_minmay_treatment
